 Dungeon Crawl Stone Soup version 0.30-a0-1066-g63dfefce0d (webtiles) character file.

Game seed: 4241776660667077805

1453392 steamdo11 the Eviscerator (level 25, 114/128 HPs)
             Began as a Felid Summoner on Apr 12, 2023.
             Was the Champion of Jiyva.
             Escaped with the Orb
             ... and 3 runes on Apr 13, 2023!
             The game lasted 07:36:24 (87803 turns).

steamdo11 the Eviscerator (Felid Summoner)         Turns: 87803, Time: 07:36:24

Health: 114/128    AC: 23    Str:  4    XL:     25   Next: 10%
Magic:  42/44      EV: 47    Int: 33    God:    Jiyva [******]
Gold:   3282       SH:  0    Dex: 18    Spells: 4/57 levels left
                                        Lives:  2   Deaths: 5

rFire   . . .      SeeInvis +      - Unarmed
rCold   + . .      Faith    .    (shield unavailable)
rNeg    + . .      Spirit   .    (body armour unavailable)
rPois   ∞          Reflect  .    (helmet unavailable)
rElec   +          Rampage  .    (cloak unavailable)
rCorr   +                        (gloves unavailable)
Will    +++..                    (boots unavailable)
Stlth   +                        Y - amulet of magic regeneration
HPRegen 2.01/turn                m - ring of Jomoamei {rPois rC+ rN+ rCorr}
MPRegen 1.19/turn                T - +6 ring of intelligence

@: storm-form, magic-sapped, flying
A: cleaving, insubstantial, flying, very small, (claws 1), (fangs 3), see
invisible, (speed 1), (shaggy fur 3), (stealthy paws), no weapons or thrown
items, no armour, multi-lived, (iridescent scales 1), mutation resistance 1,
wild magic 3, (eyeballs 2), (gelatinous body 2), (pseudopods 3), MP-powered
wands
0: Orb of Zot
}: 3/15 runes: decaying, slimy, gossamer
a: Blinkbolt, End Transformation, Renounce Religion, Oozemancy, Slimify


You escaped.
You worshipped Jiyva.
Jiyva was exalted by your worship.
You were a lightning-filled tempest!
You visited 13 branches of the dungeon, and saw 55 of its levels.
You also visited: Sewer and Bailey.

You collected 18810 gold pieces.
You spent 7970 gold pieces at shops.
You paid 7558 gold pieces to Gozag.

Inventory:

Jewellery
 c - a ring of fire
 d - an amulet of the acrobat
 e - a ring of wizardry
 f - an amulet of reflection
 m - the ring of Jomoamei (left paw) {rPois rC+ rN+ rCorr}
   (You found it on level 5 of the Pits of Slime)

   [ring of poison resistance]

   rC:        It protects you from cold.
   rPois:     It protects you from poison.
   rN:        It protects you from negative energy.
   rCorr:     It protects you from acid and corrosion.
 p - a ring of poison resistance
 s - the ring "Comen" {rElec rN+ AC+4 Stlth+}
   (You bought it in a shop on level 3 of the Spider Nest)

   [ring of protection]

   AC:        It affects your AC (+4).
   rElec:     It insulates you from electricity.
   rN:        It protects you from negative energy.
   Stlth:     It makes you more stealthy.
 C - a ring of wizardry
 E - a ring of willpower
 H - the ring of Wuimydod {rN+ Str+2 Int+2}
   (You found it on level 3 of the Crypt)

   [ring of positive energy]

   Str:       It affects your strength (+2).
   Int:       It affects your intelligence (+2).
   rN:        It protects you from negative energy.
 L - a +5 ring of evasion
 M - a ring of protection from cold
 P - the ring "Raroiq" {rN+ rCorr Dex+3}
   (You found it on level 3 of the Crypt)

   [ring of positive energy]

   Dex:       It affects your dexterity (+3).
   rN:        It protects you from negative energy.
   rCorr:     It protects you from acid and corrosion.
 Q - a +6 ring of dexterity
 S - an amulet of regeneration
 T - a +6 ring of intelligence (right paw)
 X - a ring of flight
 Y - an amulet of magic regeneration (around neck)
Wands
 i - a wand of mindburst (29)
 j - a wand of iceblast (49)
 k - a wand of flame (90)
 n - a wand of charming (43)
 y - a wand of polymorph (11)
 I - a wand of acid (20)
 W - a wand of digging (19)
Scrolls
 b - 3 scrolls of fog
 o - 12 scrolls of immolation
 u - 6 scrolls of poison
 v - a scroll of blinking
 G - a scroll of amnesia
 K - 7 scrolls of fear
 N - a scroll of butterflies
 O - 11 scrolls of teleportation
 R - 5 scrolls of silence
 U - 21 scrolls of identify
 V - 5 scrolls of magic mapping
 Z - a scroll of vulnerability
Potions
 a - 8 potions of magic
 g - 12 potions of brilliance
 h - 16 potions of curing
 l - 11 potions of lignification
 q - 5 potions of resistance
 r - 8 potions of mutation
 t - 6 potions of invisibility
 w - 10 potions of cancellation
 x - 8 potions of ambrosia
 z - 4 potions of heal wounds
 A - 9 potions of might
 B - 5 potions of haste
 D - 17 potions of flight
 F - 8 potions of attraction
 J - 2 potions of berserk rage


   Skills:
 - Level 21.0 Fighting
 - Level 21.0 Dodging
 - Level 2.6 Stealth
 + Level 22.0 Unarmed Combat
 + Level 16.9 Spellcasting
 - Level 5.0 Hexes
 - Level 18.0 Summonings
 - Level 16.0 Translocations
 - Level 16.0 Transmutations
 - Level 18.0 Air Magic
 - Level 7.0 Earth Magic


You had 4 spell levels left.
You knew the following spells:

 Your Spells              Type           Power      Damage    Failure   Level
a - Summon Small Mammal   Summ           100%       N/A       1%          1
b - Call Imp              Summ           100%       N/A       1%          2
c - Summon Horrible Thin  Summ           67%        N/A       21%         8
d - Passage of Golubria   Tloc           100%       N/A       1%          4
e - Maxwell's Capacitive  Air            67%        ∞         21%         8
f - Summon Forest         Summ/Tloc      66%        N/A       1%          5
g - Storm Form            Tmut/Air       66%        N/A       7%          7
h - Summon Cactus Giant   Summ           67%        N/A       2%          6
i - Manifold Assault      Tloc           100%       N/A       1%          4
j - Wereblood             Tmut           100%       N/A       1%          2
k - Dispersal             Tloc           65%        N/A       3%          6

Your spell library contained the following spells:

 Spells                   Type           Power      Damage    Failure   Level
 Apportation              Tloc           100%       N/A       1%          1
 Beastly Appendage        Tmut           100%       N/A       1%          1
 Passwall                 Tmut/Erth      95%        N/A       1%          2
 Call Canine Familiar     Summ           100%       N/A       1%          3
 Summon Guardian Golem    Hex/Summ       100%       N/A       1%          3
 Swiftness                Air            100%       N/A       1%          3
 Summon Lightning Spire   Summ/Air       100%       N/A       1%          4
 Spider Form              Tmut/Pois      100%       N/A       2%          3
 Volatile Blastmotes      Fire/Tloc      100%       2d18      2%          3
 Slow                     Hex            100%       N/A       3%          1
 Cigotuvi's Dreadful Rot  Necr/Pois/Air  100%       N/A       3%          2
 Confusing Touch          Hex            86%        N/A       4%          3
 Ignite Poison            Fire/Tmut/Pois 88%        N/A       4%          3
 Tukima's Dance           Hex            86%        N/A       4%          3
 Iskenderun's Mystic Bla  Conj/Tloc      100%       2d19      4%          4
 Summon Ice Beast         Ice/Summ       100%       N/A       4%          4
 Ensorcelled Hibernation  Hex/Ice        100%       N/A       6%          2
 Freeze                   Ice            100%       1d10      8%          1
 Kiss of Death            Conj/Necr      100%       2d13      8%          1
 Necrotise                Necr           100%       1d9       8%          1
 Leda's Liquefaction      Hex/Erth       45%        N/A       8%          4
 Dazzling Flash           Conj/Hex       100%       N/A       9%          3
 Inner Flame              Hex/Fire       71%        N/A       9%          3
 Frozen Ramparts          Ice            100%       1d16      16%         3
 Hailstorm                Conj/Ice       52%        3d12      16%         3
 Ozocubu's Armour         Ice            52%        N/A       16%         3
 Vampiric Draining        Necr           52%        2d9       16%         3
 Fulminant Prism          Conj/Hex       35%        3d17      17%         4
 Dispel Undead            Necr           52%        3d19      36%         4
 Flame Wave               Conj/Fire      52%        2d13      36%         4
 Sticky Flame             Conj/Fire      52%        2d7       36%         4
 Blade Hands              Tmut           65%        N/A       1%          5
 Silence                  Hex/Air        57%        N/A       4%          5
 Summon Mana Viper        Hex/Summ       100%       N/A       4%          5
 Yara's Violent Unravell  Hex/Tmut       55%        3d21      4%          5
 Monstrous Menagerie      Summ           67%        N/A       5%          7
 Malign Gateway           Summ/Tloc      66%        N/A       7%          7
 Irradiate                Conj/Tmut      50%        3d28      9%          5
 Dragon Form              Tmut           65%        N/A       9%          7
 Statue Form              Tmut/Erth      76%        N/A       10%         6
 Lee's Rapid Deconstruct  Erth           48%        3d23*     11%         5
 Conjure Ball Lightning   Conj/Air       52%        3x3d18    19%         6
 Disjunction              Tloc           65%        N/A       34%         8
 Metabolic Englaciation   Hex/Ice        35%        N/A       36%         5
 Agony                    Necr           52%        N/A       63%         5
 Fireball                 Conj/Fire      26%        3d12      63%         5
 Iskenderun's Battlesphe  Conj           52%        2d10      63%         5
 Death Channel            Necr           26%        N/A       98%         6
 Simulacrum               Ice/Necr       26%        N/A       98%         6
 Starburst                Conj/Fire      26%        6d8       98%         6
 Orb of Destruction       Conj           26%        9d9       100%        7
 Ignition                 Fire           26%        3d9       100%        8
 Infestation              Necr           26%        N/A       100%        8
 Death's Door             Necr           26%        N/A       100%        9


Dungeon Overview and Level Annotations

Branches:
Dungeon (15/15)            Temple (1/1) D:7            Lair (5/5) D:9
  Swamp (4/4) Lair:3       Spider (4/4) Lair:2        Slime (5/5) Lair:5
    Orc (2/2) D:10            Elf (2/3) Orc:2        Vaults (4/5) D:14
  Crypt (3/3) Vaults:2       Tomb (1/3) Crypt:3      Depths (4/4) D:15
    Zot (5/5) Depths:4      Sewer (visited)          Bailey (visited)

Altars:
Ashenzari
Cheibriados
Dithmenos
Elyvilon
Fedhas
Gozag
Hepliaklqana
Kikubaaqudgha
Makhleb
Nemelex Xobeh
Okawaru
Qazlal
Ru
Sif Muna
Trog
Uskayaw
Vehumet
Wu Jian
Xom
Yredelemnul
Zin
Jiyva

Shops:
D:2 [   D:4 [   D:12 =   Orc:2 [(:**   Elf:1 :   Lair:1 :   Lair:4 :
Spider:3 ==   Spider:4 :   Vaults:2 *   Vaults:4 ?   Depths:1 :   Depths:3 *

Portals:
Hell: Depths:1 Depths:2 Depths:3 Depths:4
Abyss: Depths:1 Depths:3 Depths:4
Pandemonium: Depths:2
Ziggurat: Depths:3
Trove: Depths:4 (give 2 scrolls of acquirement)

Annotations:
Slime:5 Royal Jelly
Vaults:2 2 transporters, exclusion: orange crystal statue, Dyrphilu's ghost, adept GnMo; Inony's ghost, master FoHu; Jimnug's ghost, adept SpHu
Crypt:1 1 runed translucent door, Nuh Ema's ghost, veteran HuVM
Tomb:1 1 exclusion
Depths:1 2 transporters, Opnaofu's ghost, adept DECK
Depths:4 2 runed translucent doors


Innate Abilities, Weirdness & Mutations

You are a lightning-filled tempest!
Your electrical attacks strike out in all directions at once.
You are incredibly evasive.
Your insubstantial body is immune to petrification, constriction, and being set on fire You are flying.
You are immune to poison.
((You have sharp claws.))
((You have razor-sharp teeth.))
You have supernaturally acute eyesight. (SInv)
((You cover ground quickly. (Speed+)))
((Your thick and shaggy fur keeps you warm. (AC +3, rC+)))
((Your paws help you pounce on unaware monsters.))
You are incapable of wielding weapons or throwing items.
You cannot wear armour.
You gain extra lives every three experience levels.
((You are partially covered in iridescent scales. (AC +2)))
You are somewhat resistant to further mutation.
Your spells are much harder to cast, but much more powerful.
((Your body has grown many eyes which may confuse attackers. (Acc +5)))
((Your pliable body absorbs attacks. (AC +2, EV +2)))
((Armour fits poorly on your massive pseudopods.))
You expend magic power (3 MP) to strengthen your wands.


Message History

There is a fountain of clear blue water here.
There is a fountain of clear blue water here.
There is an open door here.
Your transformation is almost over.
You hear a series of splatters.
You hear a distant slurping noise.
You hear a distant slurping noise.
Your transformation has ended.
There is a stone staircase leading up here.
You climb upwards.
There is a stone staircase leading down here.
There is a stone staircase leading up here.
You climb upwards.
There is a stone staircase leading down here.
There is a stone staircase leading up here.
You climb upwards.
There is a stone staircase leading down here.
There is a stone staircase leading up here.
You climb upwards.
There is a stone staircase leading down here.
There is an empty arch of ancient stone here.
A demonspawn warmonger, a reaper and a demonspawn black sun come into view.
The demonspawn warmonger is wielding a +4 demon blade of venom and wearing a +2 chain mail of willpower.
The reaper is wielding a +0 scythe of flaming.
The demonspawn black sun is wielding a +1 demon trident of electrocution.
Casting: Manifold Assault (mildly dangerous; 1% risk of failure)
Confirm with . or Enter, or press ? or * to list all spells.
You turn into a lightning-filled tempest!
The demonspawn warmonger unwields a +4 demon blade of venom.
It stops dripping with poison.
The demonspawn warmonger wields a +1 arbalest of flaming.
It bursts into flame!
The demonspawn warmonger shoots a bolt.
The bolt hits you! The bolt burns you.
The demonspawn black sun hits you from afar with a +1 demon trident of electrocution.
There is a staircase leading out of the dungeon here.
The demonspawn warmonger calls down the wrath of its god upon you.
Your magic feels tainted.
The demonspawn black sun utters an invocation to Kikubaaqudgha.
The demonspawn warmonger begins absorbing vital energies!
The reaper begins absorbing vital energies!
The demonspawn black sun begins absorbing vital energies!
You have escaped!

#....).♣..PP..........# #.###
###....♣...♣.♣♣♣###.....# #.# #
.......♣♣♣♣♣♣♣♣.........# #.###
.............#.###.†....# #)...
..############## #......# #.###
####...........# #......#####....
##.8.⌠.8.⌠.8.###............###
###...........2.###########.#.# #
..∩.≈≈≈≈≈≈≈≈≈≈≈.v##########...###
###.............##...#...........
####.8.⌠.8.6.86###.....#.........
.).#...........# #...............
...###############..♣.♣.♣........
##...............................
.#..###.#####.......♣#♣.♣.#......
...## #.#####........##...[......
#..# #....##........#...........


You could see a demonspawn warmonger (black mark), a demonspawn black sun (black
mark) and a reaper (black mark).

Vanquished Creatures
  6 orbs of fire
  A juggernaut (Depths:3)
  Josephina (Depths:4)
  Boris (Depths:3)
  7 Killer Klowns (Zot:5)
  The ghost of Amamary the Conqueror, an adept HOFi of Okawaru (Elf:1)
  Xtahua (Depths:4)
  4 curse toes
  4 caustic shrikes
  8 golden dragons
  Jory (Depths:3)
  A bone dragon (Depths:4)
  the Enchantress (Depths:2)
  4 electric golems
  18 tentacled monstrosities
  Zenata (Crypt:3)
  Jorgrun (Swamp:2)
  A spectral shard shrike (Crypt:3)
  3 liches
  2 titans
  25 Orb Guardians
  9 quicksilver dragons
  5 ancient champions
  5 death cobs
  5 sphinxes (Tomb:1)
  17 storm dragons
  13 shadow dragons
  A tengu reaver (Vaults:3)
  4 revenants
  5 draconian monks
  7 frost giants
  6 draconian knights
  6 fire giants
  A frost giant (shapeshifter) (Vaults:4)
  A deep elf sorcerer (Elf:1)
  6 draconian scorchers
  5 emperor scorpions
  6 vault wardens
  5 ghost moths
  Aizul (Vaults:1)
  2 draconian shifters
  2 curse skulls
  A war gargoyle (Vaults:3)
  24 very ugly things
  6 draconian annihilators
  3 draconian stormcallers
  2 broodmothers
  2 spriggan defenders
  A cacodemon (Depths:1)
  8 stone giants
  5 vampire knights
  9 ironbound preservers
  8 ironbound thunderhulks
  7 dire elephants
  11 black draconians
  7 green draconians
  14 yellow draconians
  5 white draconians
  12 red draconians
  2 bennus (Tomb:1)
  13 purple draconians
  14 spark wasps
  3 blizzard demons
  7 mummy priests
  7 eidola
  A crystal guardian (Vaults:3)
  3 spectral quicksilver dragons (Crypt:3)
  A green death (Depths:1)
  A spectral fenstrider witch (Crypt:3)
  A deep elf death mage (Elf:1)
  10 ettins
  A shambling mangrove (Swamp:3)
  The ghost of vineage the Fighter, a journeyman GrFi of Okawaru (Lair:1)
  3 yaktaur captains
  2 spectral spriggans (Crypt:3)
  4 fire dragons
  6 jiangshi
  8 great orbs of eyes
  An entropy weaver (Vaults:2)
  A peacekeeper (Vaults:3)
  2 juggernaut simulacra (Depths:4)
  2 rakshasas
  A radroach (Spider:3)
  5 vault guards
  5 hydras (Swamp:4)
  A caustic shrike simulacrum (Crypt:3)
  6 ice dragons
  2 jorogumos
  10 centaur warriors
  2 death knights (Crypt:3)
  A fenstrider witch skeleton (Crypt:2)
  2 spriggan air magi (Depths:4)
  An alligator (Swamp:2)
  A spriggan skeleton (Crypt:3)
  12 dancing weapons (Elf:2)
  4 ironbound frosthearts
  4 deep troll earth magi
  5 deep troll shamans
  4 vampire magi
  4 death scarabs (Tomb:1)
  A tengu warrior (Depths:1)
  3 spriggans (Depths:2)
  2 spectral nagas (Crypt:3)
  A storm dragon zombie (Crypt:3)
  5 spectral storm dragons (Crypt:3)
  4 spriggan berserkers (Depths:2)
  A sun demon (Depths:1)
  10 hell knights
  2 sun moths (Spider:4)
  4 soul eaters (Depths:1)
  2 iron trolls
  A spectral minotaur (Crypt:3)
  A storm dragon skeleton (Crypt:1)
  7 deep elf knights
  34 deep trolls
  2 pharaoh ants
  A spectral bunyip (Crypt:3)
  A sixfirhy (Depths:1)
  3 shadow wraiths (Crypt:3)
  23 skeletal warriors
  An iron giant zombie (Crypt:3)
  A swamp dragon (Swamp:4)
  9 flayed ghosts
  A tengu zombie (Crypt:1)
  2 bog bodies
  2 obsidian statues
  2 deep elf archers
  2 steelbarb worms (Spider:2)
  10 ironbound convokers
  2 lindwurms (Vaults:2)
  4 wizards
  A spriggan simulacrum (Crypt:3)
  A goliath frog zombie (Crypt:3)
  15 phantasmal warriors
  4 harpies (Vaults:2)
  8 deep elf pyromancers
  7 necromancers
  8 deep elf zephyrmancers
  12 wolf spiders
  An orc knight (Vaults:1)
  2 will-o-the-wisps
  An orc sorcerer (Crypt:2)
  21 ugly things
  An oklob plant (Lair:5)
  A fire giant skeleton (Depths:1)
  A frost giant zombie (Depths:1)
  27 moths of wrath
  2 rust devils
  6 demonic crawlers
  A centaur skeleton (Crypt:3)
  2 centaur zombies
  An orange demon (Zot:3)
  9 vault sentinels
  3 smoke demons
  A hellion (Depths:1)
  A storm dragon simulacrum (Depths:4)
  3 torpor snails
  9 freezing wraiths (Crypt:3)
  2 unseen horrors (Depths:3)
  A minotaur zombie (Crypt:2)
  12 guardian mummies
  3 large abominations (Depths:3)
  A tengu conjurer (Depths:1)
  A tormentor (Depths:1)
  An ice devil (Depths:1)
  22 yaktaurs
  A golden dragon simulacrum (Depths:4)
  A red draconian skeleton (Crypt:1)
  A red devil (Depths:2)
  A spectral harpy (Crypt:3)
  4 hornets
  2 tyrant leeches
  12 tarantellas
  A meliai (Spider:2)
  A harpy skeleton (Crypt:3)
  A spectral swamp dragon (Crypt:3)
  A stone giant simulacrum (Depths:1)
  12 jumping spiders
  14 slime creatures
  An elf zombie (Vaults:3)
  11 culicivoras
  9 flying skulls (Tomb:1)
  A centaur simulacrum (Crypt:3)
  A satyr skeleton (Crypt:1)
  An air elemental (Elf:1)
  A shadow (Crypt:3)
  2 ushabtiu (Tomb:1)
  6 small abominations (Depths:3)
  A spectral komodo dragon (Lair:1)
  5 nameless horrors
  4 wraiths
  2 fire bats (Swamp:4)
  A fire elemental (Elf:2)
  A catoblepas simulacrum (Lair:1)
  3 chaos spawn
  A black mamba skeleton (Crypt:1)
  32 redbacks
  A vampire mosquito (Swamp:2)
  5 swamp worms
  A naga zombie (Tomb:1)
  A warg (Crypt:2)
  A merfolk zombie (Crypt:1)
  A human skeleton (Vaults:3)
  A glowing shapeshifter skeleton (Depths:1)
  A two-headed ogre skeleton (Crypt:3)
  A swamp drake (Swamp:4)
  3 orc warriors (Crypt:2)
  2 ettin simulacra (Depths:2)
  A fire dragon simulacrum (Crypt:3)
  2 boggarts (Elf:1)
  A human simulacrum (Depths:1)
  A bullfrog (D:9)
  A cyclops zombie (Crypt:3)
  2 cane toad simulacra (Lair:1)
  2 earth elementals (Elf:2)
  A glowing shapeshifter simulacrum (Vaults:3)
  A killer bee (D:8)
  A spriggan zombie (Crypt:3)
  A polar bear skeleton (Crypt:3)
  3 electric eels
  A torpor snail simulacrum (Lair:1)
  An orc priest (Orc:2)
  3 orc wizards
  A boggart skeleton (Crypt:2)
  An acid dragon skeleton (Crypt:2)
  21 mummies (Tomb:1)
  A howler monkey skeleton (Crypt:2)
  An adder (D:6)
  A steam dragon skeleton (Crypt:3)
  A jelly zombie (Crypt:2)
  A lava snake zombie (Crypt:3)
  A worm (D:2)
  2 orcs (Crypt:2)
  2 bat zombies (Crypt:1)
  A giant cockroach (D:2)
  3 goblins (D:3)
  A hobgoblin (D:2)
  A jackal (D:2)
  A kobold (D:7)
  2 bats (D:1)
  A hobgoblin skeleton (Crypt:1)
  A rat (D:1)
1048 creatures vanquished.

Vanquished Creatures (collateral kills)
  An ancient lich (Zot:5)
  A juggernaut (Depths:4)
  3 royal mummies (Tomb:1)
  Sojobo (Vaults:3)
  3 Killer Klowns
  Saint Roka (Crypt:2)
  Frederick (Crypt:3)
  A caustic shrike (Depths:4)
  2 golden dragons
  A tentacled monstrosity (Zot:1)
  3 Orb Guardians (Zot:5)
  2 titans
  Asterion (Vaults:3)
  A quicksilver dragon (Zot:5)
  A deep elf master archer (Elf:1)
  Frances (Elf:1)
  Kirke (Swamp:2)
  Agnes (Spider:1)
  2 tengu reavers
  A thorn hunter (Swamp:2)
  The ghost of Gakhut the Fencer, an adept BaGl of Gozag (Spider:1)
  A fire giant (Depths:1)
  A storm dragon (Zot:3)
  3 emperor scorpions
  4 vault wardens
  A draconian scorcher (Zot:3)
  2 ironbound preservers (Vaults:1)
  A draconian annihilator (Zot:3)
  2 ghouls
  5 very ugly things
  A draconian stormcaller (Zot:1)
  2 orc warlords
  An ironbound thunderhulk (Vaults:2)
  A broodmother (Spider:4)
  2 spriggan defenders (Depths:2)
  2 stone giants
  3 vampire knights
  2 eleionomae (Swamp:1)
  Nessos (D:14)
  3 black draconians (Zot:3)
  A bunyip (Swamp:3)
  3 green draconians
  3 red draconians
  11 dire elephants
  3 white draconians (Zot:1)
  A spark wasp (Spider:1)
  A minotaur (Elf:1)
  A merfolk impaler (Elf:1)
  2 merfolk javelineers (Elf:1)
  A jiangshi (Crypt:3)
  3 mummy priests (Tomb:1)
  4 fire dragons
  An entropy weaver (shapeshifter) (D:13)
  The ghost of MirrMurr the Marksspriggan, a journeyman SpHu of Okawaru (Lair:5)
  3 entropy weavers
  Fannar (Lair:1)
  A great orb of eyes (D:15)
  An ice dragon (D:9)
  4 yaktaur captains
  A ghost crab (Lair:3)
  2 ogre magi (D:15)
  2 spriggan air magi
  16 hydras
  A death knight (Crypt:2)
  A radroach (Spider:2)
  9 two-headed ogres
  7 boulder beetles
  4 centaur warriors
  A spectral stone giant (Crypt:3)
  3 death yaks (Lair:4)
  A deep troll earth mage (Vaults:3)
  3 alligators
  A tengu warrior (Elf:1)
  10 dancing weapons
  3 hell knights
  6 deep elf knights
  Urug (D:14)
  Nergalle (Lair:1)
  A spectral dire elephant (Crypt:3)
  A spectral death yak (Lair:3)
  A fire crab (Swamp:4)
  2 skysharks (Lair:5)
  Amaemon (Lair:1)
  11 skeletal warriors
  9 goliath frogs
  8 orb spiders
  A pharaoh ant (Spider:2)
  5 deep trolls (Vaults:1)
  A spriggan druid (Swamp:3)
  A spectral hydra (Lair:1)
  A lindwurm (Vaults:2)
  9 bog bodies
  2 flayed ghosts (Crypt:3)
  2 deep elf archers (Elf:1)
  6 swamp dragons
  2 necromancers
  3 ironbound convokers (Vaults:1)
  5 steelbarb worms
  10 deep elf zephyrmancers
  2 harpies
  8 orc knights
  An orc sorcerer (Orc:2)
  The ghost of Arcadio the Ducker, a novice DjIE (D:6)
  10 wolf spiders
  4 manticores
  A salamander (D:15)
  7 cyclopes
  28 ugly things
  12 deep elf pyromancers
  A will-o-the-wisp (Swamp:1)
  3 moths of wrath
  4 black mambas
  11 elephants
  7 demonic crawlers
  5 torpor snails
  9 vault sentinels
  An orange demon (Lair:1)
  A molten gargoyle (Swamp:4)
  5 gargoyles
  An unseen horror (D:12)
  15 cane toads
  3 rime drakes
  3 yaktaurs (Vaults:1)
  9 komodo dragons
  7 freezing wraiths
  A spectral naga (Crypt:3)
  4 guardian mummies (Tomb:1)
  7 trolls
  A bloated husk (Swamp:4)
  5 meliai
  A queen bee (D:15)
  9 polar bears
  A queen bee (shapeshifter) (D:14)
  Prince Ribbit (D:5)
  12 hornets
  9 tyrant leeches
  Grinder (D:3)
  18 blink frogs
  13 tarantellas
  6 dream sheep (Lair:5)
  12 slime creatures
  A stone giant simulacrum (Crypt:3)
  A fire giant simulacrum (Vaults:3)
  11 jumping spiders
  4 shadows
  A centaur simulacrum (D:14)
  12 culicivoras
  21 spriggans
  2 flying skulls (Tomb:1)
  Sigmund (D:3)
  A wyvern (Lair:4)
  2 hogs (shapeshifter)
  3 vampires
  6 wraiths
  9 basilisks
  A fire elemental (D:7)
  3 hogs (Swamp:2)
  16 humans
  4 fire bats (D:7)
  59 yaks
  Menkaure (D:5)
  20 redbacks
  15 vampire mosquitoes
  3 steam dragons
  A warg (Orc:2)
  4 acid dragons
  A spectral cane toad (Lair:3)
  12 swamp worms
  4 water moccasins
  A hydra simulacrum (Crypt:3)
  11 swamp drakes
  29 orc warriors
  4 nameless horrors
  2 hell hounds (D:7)
  2 spectral blink frogs (Lair:3)
  4 black bears
  A meliai simulacrum (D:14)
  A sky beast (D:5)
  A black bear (shapeshifter) (Spider:2)
  3 ice beasts
  13 ogres
  2 centaurs
  4 boggarts (Lair:5)
  25 wolves
  2 phantoms (D:4)
  9 bullfrogs
  4 kobold brigands
  2 gnoll sergeants
  4 scorpions
  8 wights
  Dowan (D:5)
  4 howler monkeys
  34 killer bees
  2 hounds
  19 orc priests
  2 jellies
  A komodo dragon simulacrum (Lair:1)
  20 orc wizards
  2 iguanas
  Robin (D:3)
  A mummy (Tomb:1)
  12 gnolls
  7 adders
  3 shadow imps
  A white imp (D:7)
  An ufetubus (D:4)
  4 worms
  6 dart slugs
  87 orcs
  15 ball pythons
  11 endoplasms
  7 giant cockroaches
  20 goblins
  3 hobgoblins
  7 jackals
  27 kobolds
  3 quokkas
  9 bats
  5 frilled lizards
  7 rats
  3 briar patches (Swamp:2)
  A bush (Lair:5)
1206 creatures vanquished.

Vanquished Creatures (others)
  Vv (Depths:4)
  An eldritch tentacle (Tomb:1)
  A ghost moth (Zot:2)
  A stone giant (Depths:2)
  A glowing orange brain (Depths:2)
  2 deep elf knights (Elf:2)
  A fire crab (shapeshifter) (Depths:1)
  A deep troll (Depths:2)
  2 lindwurms (Swamp:4)
  A deep elf zephyrmancer (Elf:1)
  A shining eye (shapeshifter) (Depths:3)
  A smoke demon (Depths:1)
  A titan simulacrum (Depths:4)
  A yaktaur (Vaults:2)
  A guardian mummy (Tomb:1)
  2 bloated husks
  A small abomination (Depths:3)
  A spriggan (Depths:2)
  Duvessa (D:5)
  An ettin simulacrum (Depths:2)
  A swamp drake (Swamp:4)
  160 jellies
  A basilisk skeleton (Crypt:2)
  A sleepcap (D:5)
  A gnoll (Bailey)
  A bat zombie (Crypt:1)
  A bush (Lair:5)
  11 foxfires
  37 fungi
  45 plants
  3 snaplasher vines (Vaults:1)
285 creatures vanquished.

Grand Total: 2539 creatures vanquished

Notes
Turn   | Place    | Note
-------+----------+-------------------------------------------
     0 | D:1      | steamdo11 the Felid Summoner began the quest for the Orb.
     0 | D:1      | Reached XP level 1. HP: 7/7 MP: 4/4
   202 | D:1      | Reached XP level 2. HP: 11/11 MP: 3/6
   205 | D:1      | Learned a level 2 spell: Call Imp
   853 | D:1      | Reached XP level 3. HP: 14/14 MP: 5/8
   987 | D:1      | Learned a level 3 spell: Call Canine Familiar
  1439 | D:2      | Reached XP level 4. HP: 18/18 MP: 3/9
  1454 | D:2      | Learned a level 3 spell: Summon Guardian Golem
  1490 | D:2      | Found Ipeguts's Antique Armour Shop.
  1711 | D:2      | Found a faded altar of an unknown god.
  1921 | D:3      | Noticed Grinder
  1969 | D:3      | Noticed Robin
  1999 | D:3      | Killed Robin
  2000 | D:3      | Reached skill level 1 in Hexes
  2000 | D:3      | Reached skill level 5 in Summonings
  2233 | D:3      | Reached XP level 5. HP: 11/21 MP: 9/11
  2272 | D:3      | Reached skill level 1 in Fighting
  2762 | D:4      | Noticed a phantom
  2896 | D:4      | Gained mutation: You are covered in thick fur. (AC +2)
                  | [Felid growth]
  2896 | D:4      | Reached XP level 6. HP: 25/25 MP: 12/12
  3331 | D:4      | Found Ythroz's Antique Armour Emporium.
  3365 | D:4      | Reached XP level 7. HP: 30/30 MP: 12/14
  4086 | D:5      | Entered Level 5 of the Dungeon
  4344 | D:5      | Reached skill level 5 in Dodging
  4362 | D:5      | Learned a level 4 spell: Summon Lightning Spire
  4392 | D:5      | Noticed Prince Ribbit
  4498 | D:5      | Noticed Menkaure
  4652 | D:5      | Noticed Duvessa
  4652 | D:5      | Noticed Dowan
  4669 | D:5      | Killed Dowan
  4683 | D:5      | Succumbed to Duvessa's poison
  4684 | D:5      | Reached XP level 6. HP: 0/28 MP: 1/13
  4899 | D:5      | Killed Duvessa
  4900 | D:5      | Reached XP level 7. HP: 31/31 MP: 8/14
  4904 | D:5      | Reached skill level 5 in Hexes
  5008 | D:5      | Found an ornate altar of the Wu Jian Council.
  5326 | D:5      | Found a blossoming altar of Fedhas.
  5353 | D:5      | Found a stormy altar of Qazlal.
  5355 | D:5      | Found a snail-covered altar of Cheibriados.
  5565 | D:5      | Reached skill level 1 in Air Magic
  6082 | D:6      | Found a transporter.
  6083 | D:6      | Noticed Arcadio's ghost (novice DjIE)
  6084 | D:6      | Identified the +7 great mace of the Endless March {holy,
                  | rF+ rC+ Int+3}
  6167 | D:6      | Reached skill level 5 in Spellcasting
  6201 | D:6      | Found a bloodstained altar of Trog.
  6212 | D:6      | Reached XP level 8. HP: 36/36 MP: 14/16
  6361 | D:6      | Found a glowing drain.
  6365 | Sewer    | Entered a sewer
  6869 | Sewer    | Reached skill level 5 in Air Magic
  6869 | Sewer    | Reached XP level 9. HP: 42/42 MP: 16/20
  7630 | D:7      | Found a transporter.
  7650 | D:7      | Found a transporter.
  7836 | D:7      | Found a shimmering blue altar of Sif Muna.
  7921 | D:7      | Found a radiant altar of Vehumet.
  7924 | D:7      | Found a shimmering altar of Xom.
  7970 | D:7      | Found a flagged portal.
  8065 | Bailey   | Entered a bailey
  8253 | Bailey   | Noticed an orc knight
  8275 | Bailey   | Killed an orc knight
  8531 | D:7      | Found a staircase to the Ecumenical Temple.
  8547 | D:7      | Reached skill level 10 in Dodging
  8547 | D:7      | Reached XP level 10. HP: 47/47 MP: 14/22
  8957 | Temple   | Entered the Ecumenical Temple
  9152 | Temple   | Became a worshipper of Gozag Ym Sagoz the Greedy
  9994 | D:8      | Noticed a centaur warrior
 10018 | D:8      | Noticed a boulder beetle
 10678 | D:9      | Found a glowing silver altar of Zin.
 11094 | D:9      | Found a burning altar of Makhleb.
 11169 | D:9      | Found a staircase to the Lair.
 11327 | D:9      | Noticed an ice dragon
 11397 | Lair:1   | Entered Level 1 of the Lair of Beasts
 11488 | Lair:1   | Noticed Fannar
 11495 | Lair:1   | Noticed an orange demon
 11495 | Lair:1   | Noticed Amaemon
 11498 | Lair:1   | Noticed a cane toad
 12124 | Lair:1   | Found a runed translucent gate.
 12124 | Lair:1   | Found a runed translucent gate.
 12124 | Lair:1   | Found a runed translucent gate.
 12125 | Lair:1   | Noticed vineage's ghost (journeyman GrFi)
 12281 | Lair:1   | Killed Fannar
 12282 | Lair:1   | Reached XP level 11. HP: 21/51 MP: 12/24
 12400 | Lair:1   | Noticed Nergalle
 12418 | Lair:1   | Noticed a spectral orc warlord
 12425 | Lair:1   | Killed Nergalle
 12501 | Lair:1   | Killed Amaemon
 12919 | Lair:1   | Reached skill level 10 in Summonings
 13248 | Lair:2   | Found a hole to the Spider Nest.
 13586 | Lair:1   | Bought a book of the Wilderness for 570 gold pieces
 13592 | Lair:1   | Learned a level 5 spell: Summon Forest
 13703 | Lair:2   | Reached skill level 1 in Translocations
 14768 | Lair:3   | Gained mutation: Your thick and shaggy fur keeps you warm.
                  | (AC +3, rC+) [Felid growth]
 14768 | Lair:3   | Reached XP level 12. HP: 57/57 MP: 20/26
 15242 | Lair:3   | Reached skill level 5 in Translocations
 15653 | Lair:3   | Found a staircase to the Swamp.
 15653 | Lair:3   | Noticed a ghost crab
 15903 | Lair:4   | Noticed a seven-headed hydra
 15912 | Lair:4   | Killed a seven-headed hydra
 16024 | Lair:4   | Reached skill level 10 in Fighting
 16421 | Lair:4   | Noticed a death yak
 16433 | Lair:4   | Killed a death yak
 16434 | Lair:4   | Reached skill level 10 in Spellcasting
 16436 | Lair:4   | Noticed a death yak
 16443 | Lair:4   | Noticed a death yak
 16452 | Lair:4   | Killed a death yak
 16464 | Lair:4   | Killed a death yak
 16610 | Lair:4   | Noticed a boulder beetle
 16674 | Lair:4   | Killed a boulder beetle
 16937 | Lair:4   | Reached XP level 13. HP: 62/62 MP: 19/28
 17808 | Lair:5   | Entered Level 5 of the Lair of Beasts
 18853 | Lair:5   | Reached skill level 10 in Translocations
 19292 | Lair:5   | Reached skill level 15 in Dodging
 19498 | Lair:5   | Slain by a skyshark
 19499 | Lair:5   | Reached XP level 12. HP: -3/60 MP: 8/27
 19511 | Lair:5   | Found a runed translucent door.
 19514 | Lair:5   | Noticed MirrMurr's ghost (journeyman SpHu)
 19557 | Lair:5   | Reached XP level 13. HP: 64/64 MP: 28/28
 20527 | Lair:5   | Found a viscous altar of Jiyva.
 20527 | Lair:5   | Found a staircase to the Slime Pits.
 20708 | Lair:5   | Reached XP level 14. HP: 69/69 MP: 25/29
 20797 | Lair:5   | Killed MirrMurr's ghost
 20994 | Lair:1   | Bought Sif Muna's Codex of Transformation and the Blizzard
                  | for 390 gold pieces
 21001 | Lair:1   | Learned a level 6 spell: Statue Form
 21198 | D:3      | Killed Grinder
 21347 | D:3      | Noticed Sigmund
 21462 | D:3      | Killed Sigmund
 21810 | D:5      | Killed Prince Ribbit
 21942 | D:5      | Killed Menkaure
 22054 | D:6      | Found a transporter.
 22097 | D:6      | Killed Arcadio's ghost
 22098 | D:6      | Reached skill level 1 in Transmutations
 22374 | D:7      | Reached skill level 1 in Earth Magic
 22573 | D:7      | HP: 3/69 [something (9)]
 23263 | D:7      | Identified the scarf of the Peculiar Orbs {shadows,
                  | *Corrode Str+5 SInv}
 23484 | Lair:1   | Bought a manual of Transmutations for 1200 gold pieces
 23756 | D:9      | Found the +5 glaive of the Guard {elec, spectral, AC+5}
 23773 | D:9      | Identified the +1 plate armour "Odoxarre" {Rampage Will+
                  | rCorr}
 23822 | D:10     | Entered Level 10 of the Dungeon
 23844 | D:10     | Found a faded altar of an unknown god.
 24044 | D:10     | Found a staircase to the Orcish Mines.
 25053 | Orc:1    | Entered Level 1 of the Orcish Mines
 25662 | Orc:2    | Entered Level 2 of the Orcish Mines
 25664 | Orc:2    | Found a staircase to the Elven Halls.
 26666 | Orc:2    | Reached skill level 5 in Transmutations
 26847 | Orc:2    | Found Turghoidgh's General Store.
 27058 | Orc:2    | Found Nulex's General Store.
 27382 | Orc:2    | Noticed an orc warlord
 27626 | Orc:2    | Killed an orc warlord
 27759 | Orc:2    | Found Dohadun's Antique Armour Emporium.
 27762 | Orc:2    | Found Girah's Antique Weapon Shoppe.
 27899 | Orc:2    | Found a staircase to the Elven Halls.
 28315 | Orc:2    | Found Nulex's General Store.
 28328 | Orc:2    | Found Turghoidgh's General Store.
 28443 | Orc:2    | Found Dohadun's Antique Armour Emporium.
 28447 | Orc:2    | Found Girah's Antique Weapon Shoppe.
 28540 | Orc:2    | Bought a scroll of fear for 72 gold pieces
 28540 | Orc:2    | Bought a scroll of teleportation for 54 gold pieces
 28540 | Orc:2    | Bought a potion of curing for 54 gold pieces
 28540 | Orc:2    | Bought a scroll of identify for 36 gold pieces
 28540 | Orc:2    | Bought a potion of heal wounds for 90 gold pieces
 28564 | Orc:2    | Bought a potion of haste for 130 gold pieces
 30321 | D:12     | Found Firghow's Jewellery Shop.
 30745 | D:12     | Reached XP level 15. HP: 39/74 MP: 26/30
 30824 | D:12     | Bought a +6 ring of intelligence for 504 gold pieces
 30953 | D:12     | Identified the staff of poison "Jeuraroi" {*Corrode rPois
                  | rF++ Will+ Str+4}
 30955 | D:12     | Got the Enchiridion on Supportive Obstruction
 31374 | D:12     | Reached skill level 5 in Earth Magic
 32638 | D:14     | Noticed Urug
 32638 | D:14     | Noticed Nessos
 32638 | D:14     | Found a gate to the Vaults.
 33351 | D:14     | Killed Nessos
 33908 | D:14     | Learned a level 6 spell: Summon Cactus Giant
 34008 | D:14     | Reached skill level 10 in Transmutations
 34169 | D:14     | Killed Urug
 34510 | D:14     | Found an opulent altar of Gozag.
 34551 | D:14     | You fall into a shaft and drop 1 floor!
 34551 | D:15     | Entered Level 15 of the Dungeon
 36486 | D:15     | Found a staircase to the Depths.
 36511 | D:15     | Reached XP level 16. HP: 80/80 MP: 22/31
 37269 | Swamp:1  | Entered Level 1 of the Swamp
 37405 | Swamp:1  | Identified the +5 trident of Melee {antimagic, *Corrode
                  | Will+ Str+3 Int+3}
 38264 | Swamp:1  | Reached skill level 15 in Fighting
 38706 | Swamp:2  | Noticed a thorn hunter
 38710 | Swamp:2  | Killed a thorn hunter
 39036 | Swamp:2  | Found a frozen archway.
 39281 | Swamp:2  | Noticed Jorgrun
 39499 | Swamp:2  | Noticed Kirke
 39543 | Swamp:2  | Killed Kirke
 40124 | Swamp:3  | Reached skill level 1 in Unarmed Combat
 40705 | Swamp:3  | Reached skill level 2 in Unarmed Combat
 41226 | Swamp:4  | Entered Level 4 of the Swamp
 41384 | Swamp:4  | Reached skill level 3 in Unarmed Combat
 41831 | Swamp:4  | Reached skill level 4 in Unarmed Combat
 42404 | Swamp:4  | Reached XP level 17. HP: 85/85 MP: 25/32
 43124 | Swamp:4  | Got a decaying rune of Zot
 43263 | Spider:1 | Entered Level 1 of the Spider Nest
 43273 | Spider:1 | Reached skill level 5 in Unarmed Combat
 43339 | Spider:1 | Reached skill level 15 in Summonings
 43588 | Spider:1 | Noticed Agnes
 43598 | Spider:1 | Killed Agnes
 43874 | Spider:1 | Found a runed translucent door.
 43877 | Spider:1 | Noticed Gakhut's ghost (adept BaGl)
 43899 | Spider:1 | Reached skill level 6 in Unarmed Combat
 45106 | Spider:2 | Reached skill level 7 in Unarmed Combat
 46271 | Spider:2 | Reached skill level 8 in Unarmed Combat
 47309 | Spider:3 | Identified the +3 ring mail of Midwinter {rC+}
 47703 | Spider:4 | Entered Level 4 of the Spider Nest
 47917 | Spider:4 | Reached skill level 9 in Unarmed Combat
 48718 | Spider:4 | Reached XP level 18. HP: 89/89 MP: 21/33
 48842 | Spider:4 | Reached skill level 10 in Unarmed Combat
 50019 | Spider:4 | Got a gossamer rune of Zot
 50108 | Spider:4 | Bought Hentat's Papyrus of the Dislocated Shift for 468
                  | gold pieces
 50115 | Spider:3 | Bought an amulet of magic regeneration for 540 gold pieces
 50255 | Elf:1    | Entered Level 1 of the Elven Halls
 50791 | Elf:1    | Found Feel's Book Emporium.
 50844 | Elf:1    | Noticed Frances
 50982 | Elf:1    | Reached skill level 11 in Unarmed Combat
 51528 | Elf:1    | Killed Frances
 51546 | Elf:1    | Found a runed translucent gate.
 51546 | Elf:1    | Found a runed translucent gate.
 51546 | Elf:1    | Found a runed translucent gate.
 51550 | Elf:1    | Noticed Amamary's ghost (adept HOFi)
 51628 | Elf:1    | Found an iron altar of Okawaru.
 51739 | Elf:2    | Reached skill level 15 in Transmutations
 51834 | Elf:2    | Found a runed translucent gate.
 51834 | Elf:2    | Found a runed translucent gate.
 51835 | Elf:2    | Found a runed translucent gate.
 52038 | Elf:2    | Found a radiant altar of Vehumet.
 52831 | Vaults:1 | Entered Level 1 of the Vaults
 53851 | Vaults:1 | Reached XP level 19. HP: 42/94 MP: 29/34
 53863 | Vaults:1 | HP: 1/122 [dire elephant (13)]
 54542 | Vaults:1 | Learned a level 4 spell: Passage of Golubria
 54638 | Vaults:1 | Noticed Aizul
 54654 | Vaults:1 | Killed Aizul
 54943 | Vaults:1 | Mangled by an ironbound thunderhulk
 54944 | Vaults:1 | Reached XP level 18. HP: -6/117 MP: 33/33
 54944 | Vaults:1 | Reached XP level 19. HP: 94/94 MP: 33/35
 55905 | Vaults:2 | Found Xizeqih's Assorted Antiques.
 55921 | Vaults:2 | Bought a potion of cancellation for 264 gold pieces
 55921 | Vaults:2 | Bought a potion of heal wounds for 165 gold pieces
 56051 | Vaults:2 | Slain by a deep troll
 56052 | Vaults:2 | Reached XP level 18. HP: -5/117 MP: 34/34
 56052 | Vaults:2 | Reached XP level 19. HP: 94/94 MP: 35/35
 56062 | Vaults:2 | Learned a level 7 spell: Storm Form
 56067 | Vaults:2 | Learned a level 4 spell: Manifold Assault
 56440 | Vaults:2 | Learned a level 8 spell: Summon Horrible Things
 57021 | Vaults:2 | Noticed Inony's ghost (master FoHu)
 57022 | Vaults:2 | Noticed an ancient lich
 57031 | Vaults:2 | Found a transporter.
 57031 | Vaults:2 | Noticed Jimnug's ghost (adept SpHu)
 57032 | Vaults:2 | Noticed Dyrphilu's ghost (adept GnMo)
 57044 | Vaults:2 | Found a transporter.
 57103 | Vaults:2 | Found a staircase to the Crypt.
 57103 | Vaults:2 | Found a basalt altar of Yredelemnul.
 57103 | Vaults:2 | Found an ancient bone altar of Kikubaaqudgha.
 57722 | Vaults:3 | Reached skill level 10 in Air Magic
 57796 | Vaults:3 | Noticed Sojobo
 57820 | Vaults:3 | Killed Sojobo
 58527 | Vaults:3 | Identified the +5 quarterstaff of Righteous Fury {freeze,
                  | Stlth+}
 58570 | Vaults:3 | Reached XP level 20. HP: 100/100 MP: 4/37
 58780 | Vaults:3 | Noticed Asterion
 58791 | Vaults:3 | Killed Asterion
 59132 | Vaults:3 | Reached skill level 12 in Unarmed Combat
 60788 | Vaults:4 | Found Ituist's Magic Scroll Boutique.
 60793 | Vaults:4 | Bought a scroll of blinking for 157 gold pieces
 60793 | Vaults:4 | Bought a scroll of fog for 84 gold pieces
 61352 | Orc:2    | Bought a book of Changes for 342 gold pieces
 61460 | Lair:4   | Bought a book of the Senses for 480 gold pieces
 61523 | Spider:3 | Bought the ring "Comen" {rElec rN+ AC+4 Stlth+} for 1026
                  | gold pieces
 61620 | Lair:5   | Fell from the grace of Gozag
 61620 | Lair:5   | Became a worshipper of Jiyva Jiqonats the Shapeless
 61958 | Crypt:1  | Entered Level 1 of the Crypt
 62473 | Crypt:1  | Found a runed translucent door.
 62492 | Crypt:1  | Noticed Nuh Ema's ghost (veteran HuVM)
 63594 | Crypt:2  | Noticed Saint Roka
 63878 | Crypt:2  | Reached * piety under Jiyva
 64124 | Crypt:2  | Reached skill level 13 in Unarmed Combat
 64325 | Crypt:2  | Killed Saint Roka
 65002 | Crypt:2  | Reached ** piety under Jiyva
 65210 | Crypt:3  | Entered Level 3 of the Crypt
 65255 | Crypt:3  | Noticed Frederick
 65262 | Crypt:3  | Killed Frederick
 65659 | Crypt:3  | Reached XP level 21. HP: 97/104 MP: 8/38
 66193 | Crypt:3  | Noticed Zenata
 66200 | Crypt:3  | Killed Zenata
 66326 | Crypt:3  | Found a staircase to the Tomb.
 66542 | Crypt:3  | Reached skill level 14 in Unarmed Combat
 66697 | Crypt:3  | Reached *** piety under Jiyva
 66809 | Crypt:3  | Identified the +6 dagger "Gavveaps" {protect, Str+7}
 66964 | Crypt:3  | Identified the ring of Wuimydod {rN+ Str+2 Int+2}
 66964 | Crypt:3  | Identified the ring "Raroiq" {rN+ rCorr Dex+3}
 66964 | Crypt:3  | Identified the ring "Hero's Friend" {*Slow rElec rN+ Str+4}
 67112 | Crypt:3  | Got the Lessons on Sciomancy
 67113 | Crypt:3  | Identified the staff of death "Topn" {*Slow rPois rN+
                  | Dex+4}
 67198 | Tomb:1   | Entered Level 1 of the Tomb of the Ancients
 67508 | Tomb:1   | Reached skill level 15 in Translocations
 67600 | Tomb:1   | Noticed a royal mummy
 67607 | Tomb:1   | Killed a royal mummy
 67812 | Tomb:1   | Gained mutation: Your rubbery body absorbs attacks. (AC +1,
                  | EV +1) [Jiyva's grace]
 67812 | Tomb:1   | Gained mutation: Your pliable body absorbs attacks. (AC +2,
                  | EV +2) [Jiyva's grace]
 67812 | Tomb:1   | Gained mutation: Your gelatinous body deflects attacks. (AC
                  | +3, EV +3) [Jiyva's grace]
 67812 | Tomb:1   | Gained mutation: You have a somewhat thin skeletal
                  | structure. (Dex +2, Stealth+) [Jiyva's grace]
 67827 | Tomb:1   | Noticed a royal mummy
 67847 | Tomb:1   | Killed a royal mummy
 67890 | Tomb:1   | Noticed a royal mummy
 68409 | Tomb:1   | Killed a royal mummy
 68719 | Tomb:1   | Reached **** piety under Jiyva
 69409 | Lair:1   | Killed vineage's ghost
 69887 | Swamp:2  | Killed Jorgrun
 70060 | Spider:1 | Killed Gakhut's ghost
 70321 | Elf:1    | Killed Amamary's ghost
 70481 | Elf:2    | Reached XP level 22. HP: 108/108 MP: 24/40
 70785 | Elf:2    | Reached skill level 15 in Unarmed Combat
 71236 | Depths:1 | Entered Level 1 of the Depths
 71295 | Depths:1 | Reached ***** piety under Jiyva
 71359 | Depths:1 | Found a transporter.
 71363 | Depths:1 | Lost mutation: You have a somewhat thin skeletal structure.
                  | (Dex +2, Stealth+) [Jiyva's grace]
 71363 | Depths:1 | Lost mutation: Your gelatinous body deflects attacks. (AC
                  | +3, EV +3) [Jiyva's grace]
 71363 | Depths:1 | Gained mutation: You expend magic power (3 MP) to
                  | strengthen your wands. [Jiyva's grace]
 71363 | Depths:1 | Gained mutation: You are partially covered in iridescent
                  | scales. (AC +2) [Jiyva's grace]
 71363 | Depths:1 | Gained mutation: You are mostly covered in iridescent
                  | scales. (AC +4) [Jiyva's grace]
 71363 | Depths:1 | Gained mutation: You are completely covered in iridescent
                  | scales. (AC +6) [Jiyva's grace]
 71555 | Depths:1 | Was forgiven by Gozag
 71775 | Depths:1 | Found Ziacza Zengi's Book Boutique.
 71855 | Depths:1 | Found a gateway to Hell.
 72110 | Depths:1 | Gained mutation: You are weak. (Str -2) [a cacodemon]
 72183 | Depths:1 | Found a transporter.
 72184 | Depths:1 | Noticed Opnaofu's ghost (adept DECK)
 72247 | Depths:1 | Noticed an ancient lich
 72665 | Depths:1 | Found a one-way gate to the infinite horrors of the Abyss.
 73139 | Slime:1  | Entered Level 1 of the Pits of Slime
 73201 | Slime:5  | Entered Level 5 of the Pits of Slime
 73378 | Slime:5  | Found a viscous altar of Jiyva.
 73875 | Depths:2 | Learned a level 2 spell: Wereblood
 73882 | Depths:2 | Learned a level 6 spell: Dispersal
 74125 | Depths:2 | Noticed the Enchantress
 74237 | Depths:2 | Killed the Enchantress
 74407 | Depths:2 | Reached skill level 16 in Unarmed Combat
 74416 | Depths:2 | Reached skill level 15 in Spellcasting
 74594 | Depths:2 | Found a one-way gate leading to the halls of Pandemonium.
 74630 | Depths:2 | Lost mutation: You are completely covered in iridescent
                  | scales. (AC +6) [Jiyva's grace]
 74630 | Depths:2 | Lost mutation: Your pliable body absorbs attacks. (AC +2,
                  | EV +2) [Jiyva's grace]
 74630 | Depths:2 | Gained mutation: Your mind is acute. (Int +4, Str/Dex -1)
                  | [Jiyva's grace]
 74630 | Depths:2 | Lost strength.
 74630 | Depths:2 | Gained mutation: Your mind is very acute. (Int +8, Str/Dex
                  | -2) [Jiyva's grace]
 74630 | Depths:2 | Gained mutation: Your melee attacks may engulf your foes in
                  | ooze. [Jiyva's grace]
 74630 | Depths:2 | Gained mutation: Your pliable body absorbs attacks. (AC +2,
                  | EV +2) [Jiyva's grace]
 74815 | Depths:2 | Reached skill level 15 in Air Magic
 74847 | Depths:3 | Noticed Jory
 74858 | Depths:3 | Killed Jory
 74949 | Depths:3 | Reached XP level 23. HP: 114/114 MP: 15/43
 75111 | Depths:3 | Reached ****** piety under Jiyva
 75518 | Slime:5  | Noticed the Royal Jelly
 75540 | Slime:5  | Got a slimy rune of Zot
 75541 | Slime:5  | Identified the +4 glaive of Xom's Condemnation {venom,
                  | Dex+3}
 75553 | Slime:5  | Identified the +9 whip "Eliv Uci" {heavy, Int+4}
 75554 | Slime:5  | Identified the ring of Jomoamei {rPois rC+ rN+ rCorr}
 75558 | Slime:5  | Identified the staff of conjuration "Heohitach" {rElec
                  | rPois Will+}
 75571 | Slime:5  | Identified the staff of cold "Neossuas" {rC+ Str+2}
 76121 | Depths:3 | Noticed a juggernaut
 76130 | Depths:3 | Killed a juggernaut
 76205 | Depths:3 | Found a one-way gateway to a ziggurat.
 76422 | Depths:3 | Noticed Boris
 76433 | Depths:3 | Killed Boris
 76730 | Depths:3 | Found a sparkling altar of Nemelex Xobeh.
 77107 | Depths:3 | Found Ywuhaqaru's General Store.
 77115 | Depths:3 | Bought a scroll of silence for 114 gold pieces
 77519 | Depths:4 | Entered Level 4 of the Depths
 77527 | Depths:4 | Noticed a caustic shrike
 77529 | Depths:4 | Noticed a caustic shrike
 77530 | Depths:4 | Noticed a caustic shrike
 77530 | Depths:4 | Noticed a caustic shrike
 77530 | Depths:4 | Noticed a caustic shrike
 77532 | Depths:4 | Noticed Xtahua
 77533 | Depths:4 | Killed a caustic shrike
 78446 | Depths:4 | Noticed a juggernaut
 78458 | Depths:4 | Killed a juggernaut
 78513 | Depths:4 | Identified the ring of Vapnikol {Ice rN+ Will- Str+3 Dex+2}
 78513 | Depths:4 | Noticed Josephina
 78605 | Depths:4 | Noticed Vv
 78664 | Depths:4 | Killed Vv
 78672 | Depths:4 | Killed Josephina
 78800 | Depths:3 | Killed a caustic shrike
 78851 | Depths:4 | Killed a caustic shrike
 78942 | Depths:4 | Killed Xtahua
 79135 | Depths:4 | Killed a caustic shrike
 79159 | Depths:4 | Reached skill level 17 in Unarmed Combat
 79403 | Depths:4 | Killed a caustic shrike
 79522 | Depths:4 | Found a runed translucent door.
 79581 | Depths:4 | Found a runed translucent door.
 79586 | Depths:4 | Found a runed translucent door.
 79673 | Depths:4 | Found a runed translucent door.
 79746 | Depths:4 | Found a runed translucent door.
 79774 | Depths:4 | Found a runed translucent door.
 79788 | Depths:4 | Found a gate to the Realm of Zot.
 80044 | Depths:4 | Found a portal to a secret trove of treasure.
 80308 | Zot:1    | Entered Level 1 of the Realm of Zot
 80607 | Zot:1    | Lost mutation: You are mostly covered in iridescent scales.
                  | (AC +4) [Jiyva's grace]
 80607 | Zot:1    | Lost mutation: Your mind is very acute. (Int +8, Str/Dex
                  | -2) [Jiyva's grace]
 80607 | Zot:1    | Lost mutation: You are weak. (Str -2) [Jiyva's grace]
 80607 | Zot:1    | Gained mutation: Your body has grown eyes which may confuse
                  | attackers. (Acc +3) [Jiyva's grace]
 80607 | Zot:1    | Gained mutation: Your body has grown many eyes which may
                  | confuse attackers. (Acc +5) [Jiyva's grace]
 80607 | Zot:1    | Gained mutation: Your body is covered in eyes which may
                  | confuse attackers. (Acc +7, SInv) [Jiyva's grace]
 80607 | Zot:1    | Gained mutation: You have a pair of small antennae on your
                  | head. [Jiyva's grace]
 80656 | Zot:1    | Reached XP level 24. HP: 121/121 MP: 10/43
 80731 | Zot:1    | HP: 2/121 [red draconian/searing blast[a black draconian
                  | knight] (19)]
 81041 | Zot:1    | Reached skill level 18 in Unarmed Combat
 81152 | Zot:1    | Identified the +1 great mace of the Median {spect, rElec
                  | Int+4}
 81215 | Zot:1    | Noticed an orb of fire
 81230 | Zot:1    | Gained mutation: You occasionally lose the ability to drink
                  | potions when taking damage. [an orb of fire]
 81232 | Zot:1    | Killed from afar by an orb of fire
 81233 | Zot:1    | Reached XP level 23. HP: -53/117 MP: 37/44
 81695 | Elf:1    | Bought a book of the Sky for 880 gold pieces
 81705 | Elf:1    | Learned a level 8 spell: Maxwell's Capacitive Coupling
 81886 | D:12     | Bought a ring of fire for 350 gold pieces
 82546 | Zot:1    | Identified the +3 mace of Emeotz {freeze, rN+}
 82768 | Zot:1    | Lost mutation: Your mind is acute. (Int +4, Str/Dex -1)
                  | [potion of mutation]
 82768 | Zot:1    | Lost mutation: You occasionally lose the ability to drink
                  | potions when taking damage. [potion of mutation]
 82768 | Zot:1    | Gained mutation: You are somewhat resistant to further
                  | mutation. [potion of mutation]
 82835 | Zot:2    | Identified the +1 rapier of Nogeoph {freeze, rN+++ Will-
                  | Dex+5}
 83504 | Zot:3    | Noticed an orb of fire
 83510 | Zot:3    | Killed an orb of fire
 83585 | Zot:3    | Noticed a Killer Klown
 83599 | Zot:3    | Killed a Killer Klown
 83685 | Zot:3    | Identified the +0 ring mail "Ohuozud" {rPois Dex+4}
 84037 | Zot:3    | Noticed a curse toe
 84043 | Zot:3    | Killed a curse toe
 84106 | Zot:3    | Lost mutation: Your pliable body absorbs attacks. (AC +2,
                  | EV +2) [Jiyva's grace]
 84106 | Zot:3    | Gained mutation: You possess an exceptional clarity of
                  | mind. [Jiyva's grace]
 84106 | Zot:3    | Gained mutation: Armour fits poorly on your pseudopods.
                  | [Jiyva's grace]
 84106 | Zot:3    | Gained mutation: Armour fits poorly on your large
                  | pseudopods. [Jiyva's grace]
 84106 | Zot:3    | Gained mutation: Armour fits poorly on your massive
                  | pseudopods. [Jiyva's grace]
 84213 | Zot:3    | Reached skill level 19 in Unarmed Combat
 84578 | Zot:4    | Noticed an orb of fire
 84591 | Zot:4    | Killed an orb of fire
 84594 | Zot:4    | Noticed a curse toe
 84603 | Zot:4    | Killed a curse toe
 84723 | Zot:4    | Reached XP level 24. HP: 123/123 MP: 34/44
 84766 | Zot:4    | Noticed an orb of fire
 84766 | Zot:4    | Noticed a Killer Klown
 84774 | Zot:4    | Killed a Killer Klown
 84785 | Zot:4    | Killed an orb of fire
 85041 | Zot:4    | Identified a scroll of acquirement
 85049 | Zot:4    | Acquired 666 gold pieces
 85719 | Zot:5    | Entered Level 5 of the Realm of Zot
 85797 | Zot:5    | Noticed a Killer Klown
 85801 | Zot:5    | Killed a Killer Klown
 86066 | Zot:5    | Noticed a Killer Klown
 86072 | Zot:5    | Killed a Killer Klown
 86073 | Zot:5    | Reached skill level 20 in Unarmed Combat
 86374 | Zot:5    | Noticed an ancient lich
 86384 | Zot:5    | Killed an ancient lich
 86385 | Zot:5    | Noticed a Killer Klown
 86389 | Zot:5    | Killed a Killer Klown
 86411 | Zot:5    | Noticed a Killer Klown
 86421 | Zot:5    | Killed a Killer Klown
 86461 | Zot:5    | Noticed a Killer Klown
 86461 | Zot:5    | Noticed an orb of fire
 86470 | Zot:5    | Killed an orb of fire
 86490 | Zot:5    | Noticed an orb of fire
 86493 | Zot:5    | Lost mutation: You possess an exceptional clarity of mind.
                  | [an orb of fire]
 86494 | Zot:5    | Killed an orb of fire
 86507 | Zot:5    | Killed a Killer Klown
 86508 | Zot:5    | Reached skill level 21 in Unarmed Combat
 86799 | Zot:5    | Lost mutation: You have a pair of small antennae on your
                  | head. [Jiyva's grace]
 86799 | Zot:5    | Lost mutation: Your body is covered in eyes which may
                  | confuse attackers. (Acc +7, SInv) [Jiyva's grace]
 86799 | Zot:5    | Lost mutation: Your melee attacks may engulf your foes in
                  | ooze. [Jiyva's grace]
 86799 | Zot:5    | Gained mutation: Your spells are a little harder to cast,
                  | but a little more powerful. [Jiyva's grace]
 86799 | Zot:5    | Gained mutation: Your spells are harder to cast, but more
                  | powerful. [Jiyva's grace]
 86799 | Zot:5    | Gained mutation: Your spells are much harder to cast, but
                  | much more powerful. [Jiyva's grace]
 86799 | Zot:5    | Gained mutation: Your pliable body absorbs attacks. (AC +2,
                  | EV +2) [Jiyva's grace]
 86813 | Zot:5    | Noticed an orb of fire
 86822 | Zot:5    | Killed an orb of fire
 86825 | Zot:5    | Noticed a Killer Klown
 86829 | Zot:5    | Noticed a Killer Klown
 86835 | Zot:5    | Noticed a Killer Klown
 86840 | Zot:5    | Killed a Killer Klown
 86844 | Zot:5    | Killed a Killer Klown
 86867 | Zot:5    | Killed a Killer Klown
 86934 | Zot:5    | Reached XP level 25. HP: 128/128 MP: 21/44
 87077 | Zot:5    | Got the Orb of Zot
 87132 | Zot:5    | Noticed Cyqi Ima the pandemonium lord
 87413 | D:15     | Reached skill level 22 in Unarmed Combat
 87803 | D:$      | Escaped with the Orb!

Illustrated notes

Levels and vault maps discovered:
D:1:      mainiacjoe_arrival_reflecting_pool, layout_basic, serial_forest,
          infiniplex_forest_lined_corner, infiniplex_forest_lined_1,
          infiniplex_forest_corner_1, infiniplex_forest_end_3,
          infiniplex_forest_lined_2, infiniplex_forest_zigzag_1,
          infiniplex_forest_straight_3, grunt_decor_mini_mirrors,
          minmay_misc_feat_cross, minmay_hexomino_c4
D:2:      layout_rooms, serial_shops, shop,
          chequers_ecumenical_altar_simple_redux, uniq_crazy_yiuf_cottage
D:3:      layout_loops_cross, uniq_robin, uniq_grinder, uniq_sigmund
D:4:      layout_layer_cave, serial_shops, nicolae_shop_waterfront, minivault_24
D:5:      layout_layer_cave, nicolae_overflow_hidden_temple, grunt_ministairs_5,
          kennysheep_generic_room_13, uniq_prince_ribbit1, uniq_menkaure,
          uniq_duvessa
D:6:      layout_basic, mainiacjoe_overflow_small_starburst,
          gup_sewer_entry_bowl, gammafunk_ghost_smash, serial_bayou_pond_c
D:7:      gammafunk_cloud_chamber, layout_basic, minitemple,
          mainiacjoe_overflow_alcove_4, minmay_temple_entry_ruins,
          enter_bailey_5, minmay_misc_feat_plants
D:8:      minmay_curly_fans, layout_basic
D:9:      dragon1_lemuel, layout_basic, mainiacjoe_overflow_boulevard,
          mainiacjoe_overflow_brackets, lair_entry_dummy
D:10:     kennysheep_blocky_room, layout_cave_pools, david_orc_2,
          serial_column_ruins, column_ruins_temple_hall, column_ruins_hut,
          column_ruins_open_tiny, column_ruins_corridor_corner,
          column_ruins_open_tiny, column_ruins_open_tiny, column_ruins_grid_3
D:11:     layout_loops_ring
D:12:     minmay_the_grid_4x2 [minmay_the_grid_expand,
          minmay_the_grid_tiny_cups, minmay_the_grid_odd_star,
          minmay_the_grid_zigzag_pyramid, minmay_the_grid_diamond_grid,
          minmay_the_grid_empty, minmay_the_grid_small_cups,
          minmay_the_grid_prize_big_room], layout_rooms, serial_shops,
          nicolae_shop_waterfront
D:13:     layout_grid_maze, serial_park_tiny_pond, item_on_display_a
D:14:     layout_big_octagon, david_vaults_3,
          nicolae_gozag_cash_rules_everything_around_me
D:15:     hangedman_depths_entry_try_elsewhere_first, layout_loops_corners,
          special_room [special_room_bee], corexii_corridor_pit
Temple:   grunt_temple_mini_profane
Lair:1:   hellmonk_destroyed_diamonds, layout_regular_city,
          gammafunk_ghost_necromancy, uniq_nergalle, uniq_amaemon, uniq_fannar
Lair:2:   layout_chaotic_city, spider_nest_entry_webs
Lair:3:   layout_misc_corridors, nicolae_swamp_entry_spooky
Lair:4:   layout_cave_pods, nicolae_quartered_pool_little
Lair:5:   minmay_lair_end_enchanted_forest, layout_cave_pods,
          dpeg_slime_entry_corner, ebering_ghost_inner_flame,
          minmay_lair_oklob_items, minivault_27
Swamp:1:  layout_basic_swamp, hangedman_swamp_ruin_wall
Swamp:2:  layout_basic_swamp, portal_ice_cave_entry_pillars_three,
          hangedman_swamp_pad, infiniplex_staircase_pool, uniq_jorgrun,
          uniq_kirke
Swamp:3:  layout_falls_marsh, evilmike_swamp_ruin_house_3, swamp_pool3
Swamp:4:  swamp_fiery, layout_basic_swamp
Spider:1: layout_spider_delve, ebering_ghost_reflecting_pool, uniq_agnes
Spider:2: layout_chambers, drop_trap, hellmonk_deceptive_appearances
Spider:3: layout_spider_delve, nicolae_spider_spiderdrome
Spider:4: guppyfry_spider_rune, hive_lemuel
Slime:1:  layout_caves
Slime:2:  layout_caves
Slime:3:  layout_caves, cheibrodos_slime_lost_civilization_4
Slime:4:  layout_caves
Slime:5
Orc:1:    layout_caves
Orc:2:    grunt_orc_community_town_hall, layout_caves,
          grunt_orc_community_big_house_1, grunt_orc_community_big_house_2,
          grunt_orc_community_house_3, grunt_orc_community_house_2,
          grunt_orc_community_house_2, grunt_orc_community_house_3,
          grunt_orc_community_house_1, roderic_batcave, sword_in_stone
Elf:1:    eino_elf_arrival_customs, layout_geoelf_octagon,
          gammafunk_ghost_fury_of_okawaru, portal_desolation_entry_ruin,
          serial_shops, nicolae_diamond_shop, hangedman_elf_disciples,
          uniq_frances
Elf:2:    elven_hall_of_blades_hangedman_original
          [infiniplex_blade_entry_pillars], layout_geoelf_octagon, basic_altar,
          hangedman_elf_targetted_burst
Vaults:1: ontoclasm_vaults_chip, nicolae_vaults_border_crossing,
          hangedman_vaults_stitches, hangedman_vaults_restitches,
          nicolae_vaults_shelves_hall, dpeg_vaults_monster_row,
          vaults_room_fancy_cross, ontoclasm_vaults_spin,
          ontoclasm_vaults_decontamination, ontoclasm_vaults_shuriken,
          nicolae_vaults_little_squares_5, v_misc_15, vaults_room_pool,
          layout_vaults_maze, uniq_aizul
Vaults:2: nzn_ghost_randoct, nicolae_vaults_little_squares_5,
          grunt_vaults_bifocal, grunt_vaults_twisty,
          minmay_crypt_entry_necro_gods, v_alt_pattern_4, v_misc_24,
          nicolae_vaults_bisected_slash, vaults_dpeg_spiral, v_alt_pattern_3,
          v_pattern_3, ontoclasm_vaults_pinch, vaults_room_pools,
          hangedman_vaults_stagger, grunt_vaults_hallway_short,
          vaults_room_door_hall, layout_vaults_omnibox, serial_shops, shop
Vaults:3: nicolae_vaults_yaktaur_gun_rack, nicolae_vaults_twisting_passages,
          v_misc_25, vaults_room_large_hall, v_misc_23, grunt_vaults_funnel,
          v_misc_8, vaults_room_grunt_arrival_checkpoint, st_cells,
          layout_vaults_big_room, uniq_sojobo, uniq_asterion
Vaults:4: vaults_room_fours, hangedman_vaults_unwind, v_misc_23,
          vaults_room_pool, ontoclasm_vaults_ring_large,
          nicolae_vaults_little_squares_3, nicolae_vaults_alarming,
          grunt_vaults_focal, v_misc_28, nicolae_vaults_theta,
          nicolae_vaults_shelves_hall, vaults_dpeg_ring, hangedman_vaults_nails,
          layout_vaults_ring, serial_shops, nicolae_shop_hallway_plus
Crypt:1:  layout_basic, ebering_ghost_reflecting_pool
Crypt:2:  layout_regular_city, feat_on_display, grunt_megastairs_5,
          lemuel_upstairs_altar, uniq_saint_roka
Crypt:3:  due_elkab, layout_chaotic_city, tomb_entry_shell_bobbens, uniq_zenata,
          uniq_frederick
Tomb:1
Depths:1: layout_basic, grunt_hell_entry_demonic_statue,
          nicolae_concentric_dashed_squares_mild,
          gammafunk_ghost_abyssal_escape, nicolae_take_the_stairs,
          kennysheep_generic_room_6
Depths:2: hangedman_elemental_death_ray, layout_gridville,
          minmay_misc_feat_doors, hell_entry, rand_demon_pan_entry_3,
          infiniplex_staircase_pool_2, uniq_enchantress
Depths:3: minmay_tri_box, layout_basic, enter_ziggurat_b, serial_shops, shop,
          serial_aquarium, aquarium_bridge_long_separate
          [aquarium_subvault_bridge, aquarium_subvault_balcony,
          aquarium_subvault_window, aquarium_subvault_wall,
          aquarium_subvault_window, aquarium_subvault_bridge],
          aquarium_window_2, aquarium_window_fake, aquarium_window_1,
          aquarium_window_1, aquarium_view_2f, aquarium_view_2b,
          aquarium_pool_four, minmay_room_of_horrors, hell_entry,
          nemelex_lonely_heart_becter, uniq_jory
Depths:4: evilmike_zot_entry_castle, layout_cave_pools,
          chequers_serial_rivers_small_3, nicolae_trove_entry_diagonal,
          abyss_entry, hangedman_coc_ice_floe, uniq_xtahua, uniq_vv,
          uniq_josephina
Zot:1:    layout_gridlike, nzn_random_ring
Zot:2:    kennysheep_ambush_hall, layout_basic
Zot:3:    layout_twisted_circle
Zot:4:    grunt_deathspiral_small, layout_concentric_octagons
Zot:5:    layout_basic, skrybe_zot_glass_3

Skill      XL: |  1  2  3  4  5  6  7  8  9 10 11 12 13 14 15 16 17 18 19 20 21 22 23 24 25 |
---------------+----------------------------------------------------------------------------+-----
Spellcasting   | 3 4 5 7 8 9 10 11 12 13 15 16 | 16.9
Dodging        | 3 4 6 9 10 12 13 16 17 18 19 20 21 | 21.0
Hexes          | 1 2 3 5 |  5.0
Summonings     | 5 6 8 9 10 12 14 16 17 18 | 18.0
Fighting       | 1 2 4 6 7 8 9 12 11 13 14 15 16 17 18 20 21 | 21.0
Air Magic      | 1 5 6 7 9 10 12 13 15 17 18 | 18.0
Translocations | 3 8 10 13 16 | 16.0
Transmutations | 7 11 14 16 | 16.0
Earth Magic    | 4 7 |  7.0
Unarmed Combat | 4 9 11 13 14 16 19 21 22 | 22.0
Stealth        | |  2.6

Action                     |  1- 3 |  4- 6 |  7- 9 | 10-12 | 13-15 | 16-18 | 19-21 | 22-24 | 25-27 || total
---------------------------+-------+-------+-------+-------+-------+-------+-------+-------+-------++-------
  Melee: Unarmed           |    25 |    14 |    17 |    33 |    89 |   958 |  1571 |  1895 |    43 ||  4645
         Bite              |     4 |     3 |     3 |     7 |    11 |   212 |    50 |     3 |       ||   293
         Punch             |       |       |     1 |     1 |     2 |    91 |   127 |   147 |     2 ||   371
         Pseudopods        |       |       |       |       |       |       |       |     3 |       ||     3
   Cast: Summon Small Mamm |    16 |       |       |       |       |       |       |       |       ||    16
         Call Imp          |    13 |    15 |    32 |    64 |    91 |       |       |       |       ||   215
         Call Canine Famil |     5 |    21 |    41 |    32 |   114 |       |       |       |       ||   213
         Summon Guardian G |       |     1 |     3 |       |       |       |       |       |       ||     4
         Summon Lightning  |       |       |    15 |    95 |   269 |   117 |    14 |       |       ||   510
         Summon Forest     |       |       |       |     1 |     9 |     6 |     2 |     1 |       ||    19
         Summon Cactus Gia |       |       |       |       |    25 |   177 |    23 |     3 |       ||   228
         Statue Form       |       |       |       |       |       |   154 |    22 |       |       ||   176
         Manifold Assault  |       |       |       |       |       |       |   517 |   939 |    27 ||  1483
         Storm Form        |       |       |       |       |       |       |   122 |   116 |     7 ||   245
         Summon Horrible T |       |       |       |       |       |       |    40 |    33 |       ||    73
         Passage of Golubr |       |       |       |       |       |       |     5 |     6 |     2 ||    13
         Wereblood         |       |       |       |       |       |       |       |    55 |     2 ||    57
         Dispersal         |       |       |       |       |       |       |       |     1 |       ||     1
         Maxwell's Capacit |       |       |       |       |       |       |       |    16 |     1 ||    17
 Invoke: Call Merchant     |       |       |       |     1 |     2 |     3 |       |       |       ||     6
         Potion Petition   |       |       |       |       |     1 |     1 |     2 |       |       ||     4
Ability: Blinkbolt         |       |       |       |       |       |       |    23 |     1 |       ||    24
  Evoke: Wand              |       |       |       |     4 |       |     1 |     2 |       |       ||     7
    Use: Scroll            |       |     5 |     4 |    11 |    10 |     7 |     3 |    10 |       ||    50
         Potion            |       |       |     1 |     1 |     6 |    10 |     9 |    10 |     1 ||    38
   Stab: Distracted        |       |       |       |     2 |     5 |    23 |     6 |     6 |       ||    42
         Sleeping          |       |       |       |       |       |     1 |     2 |       |       ||     3
 Armour: Skin              |       |       |     3 |    13 |    31 |   646 |   225 |   109 |       ||  1027
  Dodge: Dodged            |    42 |    23 |    57 |   239 |   919 |  3186 |  1559 |  1029 |    23 ||  7077
  Block: Other             |       |       |       |       |    13 |       |       |       |       ||    13
         Reflection        |       |       |       |       |     1 |       |       |       |       ||     1

Table legend: (Time is in decaauts)
 A = Elapsed time spent in this place.
 B = Non-inter-level travel time spent in this place.
 C = Inter-level travel time spent in this place.
 D = Time resting spent in this place.
 E = Time spent auto-exploring this place.
 F = Levels seen in this place.
 G = Mean time per level.
                   A        B        C        D        E       F      G
               +--------+--------+--------+--------+--------+-----+--------+
         Total |  85254 |  76486 |   8768 |   9596 |  49188 |  57 | 1495.7 |
       Dungeon |  22856 |  19401 |   3455 |   2249 |  12870 |  15 | 1523.7 |
        Temple |    186 |    163 |     23 |      0 |    140 |   1 |  186.0 |
          Lair |   9522 |   8225 |   1297 |    652 |   5536 |   5 | 1904.4 |
         Swamp |   7214 |   6923 |    291 |    588 |   4970 |   4 | 1803.5 |
   Spider Nest |   8554 |   8273 |    281 |    886 |   5444 |   4 | 2138.5 |
    Slime Pits |    517 |    331 |    186 |      0 |    274 |   5 |  103.4 |
  Orcish Mines |   3306 |   3005 |    301 |    338 |   2057 |   2 | 1653.0 |
   Elven Halls |   3897 |   3514 |    383 |    407 |   2364 |   2 | 1948.5 |
        Vaults |   9031 |   8122 |    909 |   1972 |   4620 |   4 | 2257.8 |
         Crypt |   5045 |   4762 |    283 |    814 |   3039 |   3 | 1681.7 |
          Tomb |   1734 |   1633 |    101 |    458 |    124 |   1 | 1734.0 |
        Depths |   6749 |   5816 |    933 |    626 |   3826 |   4 | 1687.2 |
           Zot |   5692 |   5372 |    320 |    442 |   3404 |   5 | 1138.4 |
         Sewer |    535 |    535 |      0 |     57 |    350 |   1 |  535.0 |
        Bailey |    409 |    409 |      0 |    106 |    164 |   1 |  409.0 |
               +--------+--------+--------+--------+--------+-----+--------+

Top non-repeatable levels by time:
Vaults:1: 3547 daAuts
  Lair:5: 3100 daAuts
Spider:4: 2981 daAuts
    D:15: 2659 daAuts
   Orc:2: 2621 daAuts
 Swamp:4: 2529 daAuts
Spider:2: 2488 daAuts
    D:13: 2434 daAuts
Depths:3: 2262 daAuts
   Elf:1: 2207 daAuts
Vaults:2: 2131 daAuts
    D:12: 2115 daAuts
Vaults:3: 2054 daAuts
     D:7: 1985 daAuts
     D:5: 1919 daAuts
